 Dungeon Crawl Stone Soup version 0.30-a0-6-g7c9e10e132 (webtiles) character file.

Game seed: 8559379712637198078

64 Sweeb the Twirler (level 4, 23/23 HPs)
             Began as a Vine Stalker Gladiator on Aug 22, 2022.
             Quit the game on level 3 of the Dungeon.
             The game lasted 00:02:34 (1302 turns).

Sweeb the Twirler (Vine Stalker Gladiator)          Turns: 1302, Time: 00:02:34

Health: 23/23      AC:  4    Str: 17    XL:     4   Next: 12%
Magic:  7/7        EV: 12    Int:  8    God:
Gold:   60         SH:  0    Dex: 17    Spells: 5/5 levels left

rFire   + . .      SeeInvis .    a - +1 quarterstaff
rCold   . . .      Faith    .    (shield currently unavailable)
rNeg    . . .      Spirit   +    b - +0 leather armour
rPois   .          Reflect  .    c - +0 helmet
rElec   .          Harm     .    (no cloak)
rCorr   .          Rampage  .    (no gloves)
Will    .....                    (no boots)
Stlth   ++........               (no amulet)
HPRegen 0.87/turn                i - ring of protection from fire
MPRegen 0.10/turn                (no ring)

@: no status effects
A: fangs 2, regeneration 1, magic shield, antimagic bite, no potion heal 2
a: no special abilities


You were on level 3 of the Dungeon.
You visited 1 branch of the dungeon, and saw 3 of its levels.

You collected 60 gold pieces.

Inventory:

Hand Weapons
 a - a +1 quarterstaff (weapon)
Missiles
 d - 3 throwing nets (quivered)
 e - a javelin
Armour
 b - a +0 leather armour (worn)
 c - a +0 helmet (worn)
Jewellery
 h - a ring of fire
 i - a ring of protection from fire (left hand)
Scrolls
 g - a scroll of teleportation {unknown}


   Skills:
 + Level 2.2 Fighting
 * Level 3.4 Staves
 - Level 1.7 Throwing
 - Level 2.4 Dodging
 + Level 2.0 Stealth
 + Level 1.3 Spellcasting


You had 5 spell levels left.
You didn't know any spells.
Your spell library contained the following spells:

 Spells                   Type           Power      Damage    Failure   Level
 Ozocubu's Armour         Ice            0%         N/A       80%         3
 Metabolic Englaciation   Hex/Ice        0%         N/A       100%        5
 Simulacrum               Ice/Necr       0%         N/A       100%        6


Dungeon Overview and Level Annotations

Branches:
Dungeon (3/15)

Altars:

Portals:
Sewer: D:3

Annotations:
D:2 Sigmund


Innate Abilities, Weirdness & Mutations

You have extremely sharp teeth.
Your natural rate of healing is unusually fast.
When hurt, damage is shared between your health and your magic reserves.
Your bite disrupts and absorbs the magic of your enemies.
Potions cannot restore your health.


Message History

You kill the adder!
The ball python misses you. The ball python grabs you.
The ball python constricts you.
You hit the ball python. Your bite misses the ball python.
The ball python is severely wounded.
The ball python bites you. The ball python constricts you.
You hit the ball python.
You kill the ball python!
The ball python closely misses you. The ball python grabs you.
The ball python constricts you.
You barely miss the ball python. You bite the ball python.
You kill the ball python!
You closely miss the river rat. You bite the river rat. You drain its power.
You feel invigorated.
The river rat is almost dead.
The river rat barely misses you.
You closely miss the river rat. You bite the river rat.
You kill the river rat!
Your Stealth skill increases to level 2!
You have reached level 4!
You feel stronger.
You begin to heal more quickly.
You hit the giant cockroach but do no damage.
You bite the giant cockroach, but do no damage.
The giant cockroach barely misses you.
You closely miss the giant cockroach. Your bite misses the giant cockroach.
The giant cockroach completely misses you.
The giant cockroach misses you.
You hit the giant cockroach but do no damage.
The giant cockroach bites you but does no damage.
You hit the giant cockroach but do no damage.
Your bite misses the giant cockroach.
The giant cockroach bites you but does no damage.
You hit the giant cockroach.
You kill the giant cockroach!
Things that are here:
a river rat corpse; a ball python corpse You start resting.
Magic restored.
Are you sure you want to abandon this character and quit the game? (Confirm with "yes".)

####### ### #.....#
#<# #.....#
#####'### #.....#
#.@.....# #.....#
#.#.....# #.....#
#†#.....# #.....#
#.##....####.....##
#.##.......B.....##
#.##...............
#.####........###..
..# #........# #..
### #........# #..


There were no monsters in sight!

Vanquished Creatures
  An adder (D:3)
  A river rat (D:3)
  A dart slug (D:1)
  3 endoplasms (D:1)
  4 giant cockroaches
  4 goblins
  4 hobgoblins
  3 jackals (D:1)
  5 kobolds
  2 quokkas (D:2)
  6 ball pythons
  3 bats
  A frilled lizard (D:2)
  4 rats
42 creatures vanquished.

Notes
Turn   | Place    | Note
-------+----------+-------------------------------------------
     0 | D:1      | Sweeb the Vine Stalker Gladiator began the quest for the
                  | Orb.
     0 | D:1      | Reached XP level 1. HP: 11/11 MP: 2/2
   210 | D:1      | Reached XP level 2. HP: 15/15 MP: 3/3
   260 | D:1      | Reached skill level 3 in Staves
   277 | D:1      | Reached skill level 1 in Stealth
   546 | D:1      | Reached XP level 3. HP: 18/18 MP: 5/5
   640 | D:1      | Reached skill level 1 in Spellcasting
  1032 | D:2      | Noticed Sigmund
  1251 | D:3      | Found a glowing drain.
  1284 | D:3      | Gained mutation: Your natural rate of healing is unusually
                  | fast. [Vine Stalker growth]
  1284 | D:3      | Reached XP level 4. HP: 16/23 MP: 5/7
  1302 | D:3      | Quit the game

Illustrated notes

Levels and vault maps discovered:
D:1:      onia_arrival_pentagram, layout_loops_ring
D:2:      layout_rooms, ebering_ecumenical_altar_box, st_stairs_10, uniq_sigmund
D:3:      layout_basic, nicolae_vehumet_radiance, portal_sewer_entry_a

Skill      XL: |  1  2  3 |
---------------+----------+-----
Fighting       | 2 |  2.2
Staves         | 3 |  3.4
Stealth        | 1 2 |  2.0
Spellcasting   | 1 |  1.3
Throwing       | |  1.7
Dodging        | |  2.4

Action                   |  1- 3 |  4- 6 || total
-------------------------+-------+-------++-------
Melee: Quarterstaff      |    73 |     5 ||    78
       Bite              |    13 |     1 ||    14
  Use: Scroll            |     3 |       ||     3
 Stab: Sleeping          |     3 |       ||     3
       Distracted        |     1 |       ||     1
Armor: Leather armour    |    18 |     2 ||    20
Dodge: Dodged            |    46 |     3 ||    49

Table legend: (Time is in decaauts)
 A = Elapsed time spent in this place.
 B = Non-inter-level travel time spent in this place.
 C = Inter-level travel time spent in this place.
 D = Time resting spent in this place.
 E = Time spent auto-exploring this place.
 F = Levels seen in this place.
 G = Mean time per level.
                   A        B        C        D        E       F      G
               +--------+--------+--------+--------+--------+-----+--------+
         Total |   1313 |   1268 |     45 |     17 |    993 |   3 |  437.7 |
       Dungeon |   1313 |   1268 |     45 |     17 |    993 |   3 |  437.7 |
               +--------+--------+--------+--------+--------+-----+--------+

Top non-repeatable levels by time:
     D:1: 794 daAuts
     D:2: 276 daAuts
     D:3: 243 daAuts
